 Dungeon Crawl Stone Soup version 0.24-a0-463-g3510def36b (webtiles) character file.

Game seed: 978207673304702899

550564 vurker the Gnoll Aeon (level 26, -2/206 HPs)
             Began as a Gnoll Summoner on July 1, 2019.
             Was the Champion of Cheibriados.
             Splashed by a caustic shrike's acid (6 damage)
             ... on level 2 of the Realm of Zot on July 2, 2019.
             The game lasted 03:48:47 (73407 turns).

vurker the Gnoll Aeon (Gnoll Summoner)             Turns: 73407, Time: 03:48:47

Health: -2/206     AC: 39    Str: 40    XL:     26   Next: 30%
Magic:  1/44       EV: 25    Int: 39    God:    Cheibriados [******]
Gold:   1809       SH: 18    Dex: 33    Spells: 13/59 levels left

rFire    + + +     SeeInvis +   a - +9 broad axe (vamp)
rCold    + + +     Gourm    .   T - +0 shield
rNeg     + + .     Faith    .   W - +8 gold dragon scales
rPois    +         Spirit   .   Z - +2 hat of Weightlessness {+Blink rElec rC+}
rElec    +         Reflect  .   s - scarf {rC+ rF+}
rCorr    .         Harm     .   I - +5 pair of gloves of the Beginning {+Blink}
MR       +++..                  R - +4 pair of boots of the Seven Dances {rN+ Stlth+}
Stlth    ++........             V - amulet "Ekicw" {+Rage rF+ rN+ Str+3}
HPRegen  0.44/turn              X - ring of Fonyz {MR++ Str+5 SInv}
MPRegen  0.29/turn              h - ring "Miwup" {Slay+3 Stlth+}

@: mighty, about to teleport, corroded, deflect missiles, very slow
A: distributed training, fangs 1, dopey 1, subdued magic 1, strong nose
}: 3/15 runes: decaying, silver, gossamer
a: Bend Time, Temporal Distortion, Slouch, Step From Time, Renounce Religion,
Evoke Blink, Evoke Berserk Rage


You were on level 2 of the Realm of Zot.
You worshipped Cheibriados.
Cheibriados was exalted by your worship.
You were not hungry.

You visited 10 branches of the dungeon, and saw 47 of its levels.
You also visited: Ice Cave.

You collected 8211 gold pieces.
You spent 6402 gold pieces at shops.

Inventory:

Hand Weapons
 a - a +9 vampiric broad axe (weapon)
   (You took it off Asterion on level 2 of the Spider Nest)
Missiles
 D - 3 throwing nets (quivered) {!f}
Armour
 s - a scarf of resistance (worn)
   (You acquired it on level 9 of the Dungeon)
 I - the +5 pair of gloves of the Beginning (worn) {+Blink}
   (You bought it in a shop on level 2 of the Orcish Mines)

   It lets you blink.
 R - the +4 pair of boots of the Seven Dances (worn) {rN+ Stlth+}
   (You found it on level 5 of the Vaults)

   It protects you from negative energy.
   It makes you more stealthy.
 T - a +0 shield (worn)
   (You took it off a tengu warrior on level 15 of the Dungeon)
 W - +8 gold dragon scales (worn)
   (You found it on level 4 of the Depths)
 Z - the +2 hat of Weightlessness (worn) {+Blink rElec rC+}
   (You found it on level 5 of the Vaults)

   It protects you from cold.
   It insulates you from electricity.
   It lets you blink.
Magical Staves
 b - an uncursed staff of fire
   (You found it on level 6 of the Lair of Beasts)
 B - an uncursed staff of wizardry {!a}
   (You found it on level 9 of the Dungeon)
Jewellery
 h - the ring "Miwup" (right hand) {Slay+3 Stlth+}
   (You found it on level 3 of the Elven Halls)

   [ring of stealth]

   It affects your accuracy and damage with ranged weapons and melee attacks
   (+3).
   It makes you more stealthy.
 V - the amulet "Ekicw" (around neck) {+Rage rF+ rN+ Str+3}
   (You took it off an orc wizard on level 15 of the Dungeon)

   [amulet of rage]

   It affects your strength (+3).
   It protects you from fire.
   It protects you from negative energy.
   It lets you go berserk.
 X - the ring of Fonyz (left hand) {MR++ Str+5 SInv}
   (You took it off a vault sentinel on level 4 of the Vaults)

   [ring of see invisible]

   It affects your strength (+5).
   It affects your resistance to hostile enchantments.
   It lets you see invisible.
Wands
 c - a wand of disintegration (53)
   (You found it on level 1 of the Spider Nest)
 d - a wand of iceblast (23)
   (You found it on level 6 of the Lair of Beasts)
 t - a wand of flame (42)
   (You found it on level 2 of the Elven Halls)
 u - a wand of paralysis (45)
   (You found it on level 10 of the Dungeon)
 v - a wand of digging (31)
   (You found it on level 9 of the Dungeon)
 x - a wand of acid (5)
   (You found it on level 3 of the Elven Halls)
 G - a wand of polymorph (17)
   (You found it on level 5 of the Vaults)
 J - a wand of scattershot (8)
   (You found it on level 2 of the Lair of Beasts)
 Q - a wand of enslavement (35)
   (You found it on level 12 of the Dungeon)
 S - a wand of clouds (9)
   (You took it off a vault sentinel on level 5 of the Vaults)
Scrolls
 g - 7 scrolls of fear
 n - 17 scrolls of remove curse {@r2}
 w - a scroll of enchant weapon
 y - 7 scrolls of immolation {!r}
 z - 7 scrolls of fog
 E - 3 scrolls of magic mapping
 H - 10 scrolls of identify {@r1}
 L - a scroll of summoning
 N - 2 scrolls of silence
 O - 4 scrolls of blinking
 P - 29 scrolls of teleportation {@r4}
Potions
 f - 11 potions of brilliance
 k - 15 potions of curing {@q1}
 l - 12 potions of flight
 m - 8 potions of lignification {!q}
 p - 3 potions of invisibility
 q - 6 potions of mutation {!q}
 r - 8 potions of ambrosia
 A - 9 potions of might
 F - 6 potions of resistance
 K - a potion of magic
 M - 8 potions of agility
 U - 4 potions of heal wounds {@q2}
 Y - a potion of cancellation
Comestibles
 e - 83 rations {!d}


   Skills:
 + Level 16.4 Fighting
 + Level 16.4 Short Blades
 + Level 16.4 Long Blades
 + Level 16.4 Axes
 + Level 16.4 Maces & Flails
 + Level 16.4 Polearms
 + Level 16.4 Staves
 + Level 16.4 Slings
 + Level 16.4 Bows
 + Level 16.4 Crossbows
 + Level 16.4 Throwing
 + Level 16.4 Armour
 + Level 16.9 Dodging
 + Level 16.8 Stealth
 + Level 16.4 Shields
 + Level 16.4 Unarmed Combat
 + Level 17.0 Spellcasting
 + Level 14.1 Conjurations
 + Level 14.1 Hexes
 + Level 14.1 Charms
 + Level 15.4 Summonings
 + Level 14.1 Necromancy
 + Level 14.1 Translocations
 + Level 14.1 Transmutations
 + Level 14.1 Fire Magic
 + Level 14.1 Ice Magic
 + Level 14.1 Air Magic
 + Level 14.1 Earth Magic
 + Level 14.1 Poison Magic
 + Level 17.7 Invocations
 + Level 16.4 Evocations


You had 13 spell levels left.
You knew the following spells:

 Your Spells              Type           Power        Failure   Level  Hunger
a - Borgnjor's Vile Clut  Necr/Erth      #######...   1%          5    None
b - Iron Shot             Conj/Erth      #######...   2%          6    None
c - Summon Mana Viper     Hex/Summ       #######.     1%          5    None
e - Regeneration          Chrm/Necr      #######...   1%          3    None
f - Spellforged Servitor  Conj/Summ      #######...   12%         7    ##.....
q - Passage of Golubria   Tloc           N/A          1%          4    None
r - Apportation           Tloc           ######       0%          1    None
w - Deflect Missiles      Chrm/Air       #######...   2%          6    None
x - Summon Lightning Spi  Summ/Air       #######.     1%          4    None
z - Fireball              Conj/Fire      #######...   1%          5    None

Your spell library contained the following spells:

 Spells                   Type           Power        Failure   Level  Hunger
 Animate Skeleton         Necr           N/A          0%          1    None
 Flame Tongue             Conj/Fire      #####        0%          1    None
 Magic Dart               Conj           ####         0%          1    None
 Pain                     Necr           ####         0%          1    None
 Sting                    Conj/Pois      ####         0%          1    None
 Summon Butterflies       Summ           #######.     0%          1    None
 Summon Small Mammal      Summ           ####         0%          1    None
 Blink                    Tloc           N/A          0%          2    None
 Call Imp                 Summ           #######.     0%          2    None
 Corpse Rot               Necr           N/A          0%          2    None
 Ensorcelled Hibernation  Hex/Ice        ######       0%          2    None
 Poisonous Vapours        Pois/Air       ######       0%          2    None
 Searing Ray              Conj           ######       0%          2    None
 Shroud of Golubria       Chrm/Tloc      ######       0%          2    None
 Sublimation of Blood     Necr           #######...   0%          2    None
 Throw Flame              Conj/Fire      ######       0%          2    None
 Call Canine Familiar     Summ           #######.     1%          3    None
 Conjure Flame            Conj/Fire      #######.     1%          3    None
 Dazzling Spray           Conj/Hex       ######       1%          3    None
 Gell's Gravitas          Tloc           #######...   1%          3    None
 Inner Flame              Hex/Fire       #######.     1%          3    None
 Lesser Beckoning         Tloc           #######...   1%          3    None
 Mephitic Cloud           Conj/Pois/Air  #######.     1%          3    None
 Recall                   Summ/Tloc      N/A          1%          3    None
 Stone Arrow              Conj/Erth      ######       1%          3    None
 Summon Guardian Golem    Hex/Summ       #######.     1%          3    None
 Teleport Other           Tloc           #######.     1%          3    None
 Tukima's Dance           Hex            #######.     1%          3    None
 Vampiric Draining        Necr           #######...   1%          3    None
 Animate Dead             Necr           N/A          1%          4    None
 Cause Fear               Hex            #######...   1%          4    None
 Force Lance              Conj/Tloc      #######.     1%          4    None
 Fulminant Prism          Conj/Hex       #######...   1%          4    None
 Iskenderun's Mystic Bla  Conj           #######.     1%          4    None
 Leda's Liquefaction      Hex/Erth       #######...   1%          4    None
 Olgreb's Toxic Radiance  Pois           #######.     1%          4    None
 Sticky Flame             Conj/Fire      #######.     1%          4    None
 Summon Ice Beast         Ice/Summ       #######.     1%          4    None
 Agony                    Necr           #######.     1%          5    None
 Alistair's Intoxication  Tmut/Pois      #######.     1%          5    None
 Aura of Abjuration       Summ           #######...   1%          5    None
 Bolt of Draining         Conj/Necr      #######...   1%          5    None
 Bolt of Magma            Conj/Fire/Erth #######...   1%          5    None
 Dispel Undead            Necr           #######.     1%          5    None
 Excruciating Wounds      Chrm/Necr      #######...   1%          5    None
 Irradiate                Conj/Tmut      #######...   1%          5    None
 Iskenderun's Battlesphe  Conj/Chrm      #######.     1%          5    None
 Silence                  Hex/Air        #######...   1%          5    None
 Summon Demon             Summ           #######...   1%          5    None
 Summon Forest            Summ/Tloc      #######...   1%          5    None
 Venom Bolt               Conj/Pois      #######...   1%          5    None
 Yara's Violent Unravell  Hex/Tmut       #######...   1%          5    None
 Shadow Creatures         Summ           N/A          1%          6    None
 Conjure Ball Lightning   Conj/Air       #######...   2%          6    None
 Darkness                 Hex            #######...   2%          6    None
 Death Channel            Necr           #######...   2%          6    None
 Freezing Cloud           Conj/Ice/Air   #######...   2%          6    None
 Hydra Form               Tmut           #######...   2%          6    None
 Invisibility             Hex            #######.     2%          6    None
 Statue Form              Tmut/Erth      #######..    2%          6    None
 Summon Hydra             Summ           #######...   9%          7    ##.....
 Dragon Form              Tmut           #######...   14%         7    ##.....
 Orb of Destruction       Conj           #######...   14%         7    ##.....
 Discord                  Hex            #######...   77%         8    ####...
 Shatter                  Erth           #######...   100%        9    ######.


Dungeon Overview and Level Annotations

Branches:
Dungeon (15/15)            Temple (1/1) D:6            Lair (6/6) D:9
  Swamp (4/4) Lair:4       Spider (4/4) Lair:4        Slime (0/5) Lair:5
    Orc (2/2) D:11            Elf (3/3) Orc:2        Vaults (5/5) D:13
  Crypt (0/3) Vaults:2     Depths (5/5) D:15            Zot (2/5) Depths:5

Altars:
Ashenzari
Cheibriados
Dithmenos
Elyvilon
Fedhas
Gozag
Hepliaklqana
Kikubaaqudgha
Makhleb
Nemelex Xobeh
Okawaru
Qazlal
Ru
Sif Muna
Trog
Uskayaw
Vehumet
Wu Jian
Xom
Yredelemnul
Zin
The Shining One

Shops:
D:5 *   D:7 ?   D:8 =*=[%   D:13 *   Orc:2 [!:%=   Elf:1 *   Elf:2 }=}
Vaults:3 %   Vaults:5 (   Depths:1 %[*:   Depths:4 (?=*

Portals:
Hell: Lair:6 Depths:1 Depths:3 Depths:4 Depths:5
Abyss: Depths:1 Depths:3 Depths:4
Pandemonium: Depths:3 Depths:5
Trove: D:10 (give +4 ice dragon scales)

Annotations:
D:14 2 runed translucent doors
Lair:5 1 runed translucent door, Baiput's ghost, journeyman GrFi
Lair:6 1 runed translucent door, nikopol's ghost, journeyman DEFE
Elf:2 3 runed translucent doors
Depths:2 1 runed translucent door
Zot:2 1 transporter, Vimihy's ghost, legendary HaHu


Innate Abilities, Weirdness & Mutations

Your experience applies equally to all skills.
You have very sharp teeth.
Your uncanny sense of smell can sniff out nearby items.
You are dopey. (Int -2)
Your spells are a little easier to cast, but a little less powerful.


Message History

Vimihy's ghost hits you but does no damage.
The caustic shrike claws you but does no damage.
The caustic shrike claws you!!!
* * * LOW HITPOINT WARNING * * *
You are splashed with acid!
* * * LOW HITPOINT WARNING * * *
You feel much better. The caustic shrike closely misses you.
You block the caustic shrike's attack. x2; The caustic shrike claws you.
* * * LOW HITPOINT WARNING * * *
The acid corrodes you!
You are splashed with acid!
* * * LOW HITPOINT WARNING * * *
You block the caustic shrike's attack.
Your mana viper bites the storm dragon!!
The shard shrike claws you but does no damage.
The caustic shrike barely misses you.
The storm dragon barely misses your mana viper.
The storm dragon closely misses your mana viper.
The storm dragon tramples your mana viper but does no damage.
The caustic shrike completely misses you.
Vimihy's ghost hits you but does no damage.
Your mana viper bites the storm dragon.
The caustic shrike claws you but does no damage.
The shard shrike claws you but does no damage.
You slice the caustic shrike!!
You hit Vimihy's ghost but do no damage.
You slice the caustic shrike!!
You feel better.
You slash the caustic shrike!
You feel better.
You completely miss the butterfly.
Your gold dragon scales prevents you from hitting the shard shrike.
The caustic shrike closely misses you. You block the caustic shrike's attack.
The caustic shrike completely misses you.
The caustic shrike misses you. The storm dragon bites your mana viper!
The storm dragon claws your mana viper.
The storm dragon tramples your mana viper.
Your mana viper holds its ground!
Your mana viper dies!
The caustic shrike closely misses you. You block Vimihy's ghost's attack.
The shard shrike claws you but does no damage.
You slash the caustic shrike!
You feel better.
Your bite misses the caustic shrike. You closely miss the shard shrike.
You closely miss the caustic shrike. You slash the caustic shrike!
You feel better.
You hit Vimihy's ghost but do no damage.
The caustic shrike claws you!!
* * * LOW HITPOINT WARNING * * *
You are splashed with acid!
* * * LOW HITPOINT WARNING * * *
The caustic shrike claws you!!!
* * * LOW HITPOINT WARNING * * *
You are splashed with acid.
You die...

######### ###......[###
##...#####...# #..###...###.#
#.##y.....b#(# #.#..#b#...#.##
#.#b!#.#..D#..# #.##$.Db.#b##.#
##..#/.#b@b#.#.# #..©#=DbW#b.%#.#
#..)#?#.Dby.##.## #
#..##(#bb.#.#©..# ##
#..#,}#b##..##..#
.#######..#,*.b∆#D..#..#
##........##..#....##..#
.......##..#...D.D##...#
..^....###.##.#####..#.##########


You could see a shadow dragon, 3 caustic shrikes, a storm dragon, a shard
shrike, a quicksilver dragon, a moth of wrath and Vimihy's ghost.

Vanquished Creatures
  An orb of fire (Zot:1)
  A juggernaut (Depths:4)
  Boris (thrice) (Vaults:4 Depths:3 Vaults:5)
  Margery (Vaults:4)
  A shard shrike (Zot:2)
  3 caustic shrikes (Depths:4)
  A curse toe (Zot:2)
  10 golden dragons
  A profane servitor (Depths:1)
  Arachne (Spider:2)
  2 tentacled monstrosities
  Jorgrun (Orc:1)
  Asterion (Spider:2)
  2 deep elf blademasters (Elf:3)
  5 liches
  2 deep elf master archers (Elf:3)
  4 titans (Vaults:5)
  4 quicksilver dragons
  3 death cobs (Zot:2)
  3 sphinxes
  5 shadow dragons
  Kirke (Swamp:3)
  8 tengu reavers
  12 storm dragons
  9 frost giants
  13 fire giants
  2 draconian monks (Zot:1)
  2 iron dragons (Depths:4)
  8 deep elf sorcerers
  7 ghost moths
  8 vault wardens
  Aizul (Depths:3)
  6 emperor scorpions
  2 draconian shifters (Depths:5)
  An orc warlord (Orc:2)
  A draconian scorcher (Depths:5)
  A draconian annihilator (Zot:1)
  2 deep elf elementalists (Elf:3)
  A stone giant (shapeshifter) (Vaults:5)
  26 stone giants
  21 very ugly things
  A war gargoyle (Vaults:5)
  10 ironheart preservers
  4 spriggan defenders
  7 deep elf demonologists
  4 entropy weavers
  A lorocyproca (Depths:5)
  4 vampire knights
  7 yellow draconians
  2 purple draconians (Zot:1)
  2 green draconians
  Azrael (D:13)
  A red draconian (Zot:2)
  5 deep elf annihilators
  A dire elephant (shapeshifter) (Depths:4)
  2 black draconians (Depths:5)
  A merfolk javelineer (Depths:2)
  5 spark wasps
  20 ettins
  11 deep elf death magi
  2 pearl dragon zombies (Depths:1)
  5 fire dragons
  Josephine (D:12)
  A merfolk impaler (Depths:2)
  6 jiangshi
  6 great orbs of eyes
  18 yaktaur captains
  A monstrous demonspawn (Depths:5)
  17 hydras
  6 deep elf high priests
  7 ice dragons
  A hydra (shapeshifter) (Depths:5)
  29 vault guards
  4 rakshasas
  A shambling mangrove (Swamp:4)
  A death knight (Depths:1)
  A catoblepas (Lair:4)
  8 spriggan air magi
  8 centaur warriors
  8 deep troll shamans
  26 two-headed ogres
  An anaconda (shapeshifter) (Vaults:5)
  9 dancing weapons
  8 alligators
  3 vampire magi
  4 small abominations
  11 ogre magi
  6 death yaks
  2 orc high priests
  5 deep troll earth magi
  3 hell hogs (Depths:1)
  A tengu warrior (Depths:4)
  A sun demon (Lair:6)
  8 spriggan berserkers
  8 deep elf knights
  25 slime creatures
  11 hell knights
  2 shadow wraiths (Vaults:4)
  A skeletal warrior (D:10)
  6 large abominations
  2 unseen horrors (Vaults:1)
  4 flayed ghosts
  7 iron trolls
  14 deep trolls
  A spriggan druid (Swamp:2)
  A torturous demonspawn (Depths:5)
  A tengu zombie (Vaults:4)
  6 swamp dragons
  2 spectral hydras (Swamp:3)
  A death drake (Swamp:3)
  A glowing orange brain (Depths:3)
  A wizard (Vaults:3)
  An infernal demonspawn (Depths:5)
  2 phantasmal warriors
  10 deep elf archers
  12 orc knights
  6 ironbrand convokers
  6 harpies
  40 deep elf magi
  5 necromancers
  A harpy (shapeshifter) (Vaults:3)
  A mana viper (shapeshifter) (Vaults:5)
  28 ugly things
  8 orb spiders
  31 wolf spiders
  3 orc sorcerers
  A stone giant zombie (Vaults:2)
  4 cyclopes
  7 moths of wrath
  A manticore (shapeshifter) (Depths:3)
  A moth of wrath (shapeshifter) (Depths:4)
  A frost giant skeleton (Vaults:4)
  A black mamba (shapeshifter) (Depths:1)
  Maurice (D:12)
  A centaur zombie (D:15)
  10 vault sentinels
  3 apis skeletons (Depths:1)
  A water nymph (shapeshifter) (Vaults:5)
  A guardian serpent (D:15)
  3 black mambas (Lair:6)
  A stone giant skeleton (Vaults:2)
  An eye of devastation (shapeshifter) (Elf:3)
  2 torpor snails
  2 ice statues (IceCv)
  A naga mage (Vaults:1)
  2 gargoyles
  15 spiny frogs
  2 spiny frogs (shapeshifter)
  A smoke demon (Lair:6)
  A centaur skeleton (D:14)
  3 swamp worm zombies (Swamp:3)
  A freezing wraith (D:14)
  2 rime drakes
  6 ice devils
  2 komodo dragons (shapeshifter) (Depths:4)
  41 yaktaurs
  5 komodo dragons
  10 demonic crawlers
  8 tengu conjurers
  A queen bee (Depths:2)
  22 jumping spiders
  A polar bear (shapeshifter) (Depths:3)
  A meliai (shapeshifter) (Elf:2)
  A red devil (Depths:4)
  10 trolls
  A troll (shapeshifter) (Vaults:1)
  A tengu simulacrum (Vaults:2)
  4 meliai (Spider:4)
  4 blink frogs
  2 blink frogs (shapeshifter)
  14 tyrant leeches
  2 spectral swamp dragons (Swamp:3)
  22 hornets
  7 dream sheep (Lair:6)
  5 hippogriffs
  A hippogriff (shapeshifter) (D:15)
  2 alligator zombies (Swamp:3)
  10 bog bodies
  66 redbacks
  2 redbacks (shapeshifter)
  2 air elementals (Elf:3)
  3 tyrant leech zombies (Swamp:3)
  5 shadows
  16 yaks
  14 spriggans
  A tarantella (shapeshifter) (Vaults:4)
  16 tarantellas
  3 wyverns
  5 fire elementals
  5 wraiths
  A basilisk (Lair:6)
  11 water elementals
  A hog (shapeshifter) (Vaults:1)
  8 vampire mosquitoes
  A yaktaur simulacrum (Vaults:2)
  16 swamp worms
  A soldier ant (shapeshifter) (Vaults:1)
  5 spiny frog zombies (Swamp:3)
  7 insubstantial wisps
  5 wargs
  3 two-headed ogre zombies (D:9)
  11 water moccasins
  A floating eye (shapeshifter) (Depths:4)
  2 floating eyes (Depths:4)
  7 porcupines
  4 hell hounds (Lair:6)
  An ice beast (D:11)
  A sky beast (D:12)
  An ice beast (shapeshifter) (Vaults:3)
  34 orc warriors
  5 swamp drakes
  An eye of draining (shapeshifter) (Vaults:5)
  2 elf zombies (Vaults:4)
  11 boggarts
  29 ogres
  3 phantoms
  6 wolves
  21 centaurs
  2 big kobolds
  13 crocodiles
  11 bullfrogs
  An earth elemental (Elf:2)
  A spriggan zombie (Swamp:3)
  2 water moccasin skeletons
  19 killer bees (Depths:2)
  3 scorpions
  3 wights (D:11)
  A howler monkey (D:5)
  3 electric eels
  A human simulacrum (Vaults:3)
  A quasit (D:11)
  2 bullfrog zombies
  2 hounds
  2 bullfrog skeletons
  10 jellies
  10 orc priests
  19 orc wizards
  3 iguanas
  11 human skeletons
  A troll simulacrum (IceCv)
  A worker ant (D:13)
  A killer bee zombie (D:5)
  3 centaur simulacra
  2 howler monkey skeletons
  6 adders
  4 naga simulacra (IceCv)
  3 ogre simulacra (IceCv)
  A shadow imp (D:12)
  2 oozes
  A worm (D:6)
  4 leopard geckos
  50 orcs
  3 giant cockroaches
  5 goblins
  6 hobgoblins
  5 jackals
  3 quokkas
  2 ball pythons
  8 bats
  3 frilled lizards
  A giant cockroach zombie (D:6)
  7 kobolds
  A leopard gecko skeleton (D:5)
  5 rats
  3 crawling corpses
  3 plants (Depths:3)
1587 creatures vanquished.

Vanquished Creatures (collateral kills)
  A caustic shrike (Depths:4)
  Nikola (Depths:1)
  A large abomination (Vaults:4)
  A lich (Vaults:2)
  A tengu reaver (Vaults:1)
  Donald (Vaults:2)
  A deep elf sorcerer (Vaults:1)
  2 ghost moths (Spider:4)
  A vault warden (Vaults:1)
  4 ironheart preservers
  An entropy weaver (Spider:1)
  A stone giant (Vaults:2)
  A deep elf demonologist (Elf:3)
  A dire elephant (Lair:6)
  A deep elf annihilator (Elf:3)
  Snorg (D:11)
  2 ettins
  A deep elf death mage (Elf:3)
  A fire dragon (Swamp:4)
  Harold (D:9)
  A vault guard (Vaults:4)
  3 yaktaur captains
  Erolcha (D:9)
  A ghost crab (Swamp:4)
  3 hydras
  Erica (D:10)
  4 centaur warriors
  An alligator (Swamp:3)
  2 ogre magi (Vaults:2)
  5 two-headed ogres
  2 tengu warriors
  A vampire mage (Depths:1)
  Urug (Lair:3)
  3 death yaks
  A spriggan berserker (Depths:2)
  Nergalle (D:11)
  Sonja (Lair:4)
  3 deep elf knights
  2 hell knights
  A shadow wraith (Vaults:4)
  2 unseen horrors
  3 skeletal warriors (D:10)
  A deep troll (Vaults:4)
  5 wizards
  2 swamp dragons (Swamp:4)
  2 spectral hydras (Swamp:3)
  A harpy (Vaults:1)
  10 orb spiders
  An ironbrand convoker (Vaults:1)
  4 necromancers
  3 orc knights
  15 ugly things
  An orb spider (shapeshifter) (D:15)
  A deep elf mage (Elf:3)
  2 oklob plants (Spider:1)
  12 wolf spiders
  A spiny frog (shapeshifter) (D:14)
  A torpor snail (shapeshifter) (Vaults:4)
  2 orange demons (Lair:6)
  4 spiny frogs
  4 yaktaurs (Vaults:4)
  2 torpor snails
  4 rime drakes
  3 komodo dragons
  2 swamp worm zombies (Swamp:3)
  An efreet (D:14)
  2 demonic crawlers (Spider:4)
  3 kobold demonologists
  A freezing wraith (Vaults:1)
  2 ice devils
  4 trolls
  2 meliai (Spider:4)
  16 jumping spiders
  A tyrant leech (Swamp:2)
  3 hornets (Spider:4)
  5 blink frogs
  6 slime creatures
  Prince Ribbit (D:8)
  5 hippogriffs
  5 bog bodies
  6 dream sheep (Lair:6)
  2 shadows
  27 yaks
  2 wraiths (D:12)
  11 tarantellas
  25 redbacks
  9 hogs
  3 basilisks
  2 fire elementals
  A human (D:7)
  A hungry ghost (D:9)
  A warg (Orc:2)
  4 insubstantial wisps
  A swamp worm (Swamp:4)
  3 hell hounds
  11 two-headed ogre zombies (D:9)
  4 water moccasins
  2 porcupines
  2 swamp drakes (Swamp:4)
  16 orc warriors
  A sky beast (D:8)
  A human zombie (Vaults:2)
  3 ice beasts
  A black bear (D:8)
  An eye of draining (D:8)
  2 phantoms
  9 ogres
  5 crocodiles
  4 wolves (Lair:4)
  15 centaurs
  4 big kobolds
  6 bullfrogs
  2 troll zombies (Swamp:3)
  A water moccasin skeleton (D:4)
  A scorpion (D:8)
  6 killer bees
  8 wights
  An electric eel (Lair:2)
  A lava snake (D:14)
  2 crimson imps (D:6)
  A bullfrog zombie (D:7)
  A quasit (D:9)
  A centaur skeleton (D:9)
  7 jellies
  2 hounds (D:9)
  11 orc priests
  A bullfrog skeleton (D:11)
  18 orc wizards
  Jessica (D:2)
  5 iguanas
  10 worker ants
  A killer bee zombie (D:6)
  3 gnolls (D:4)
  A howler monkey skeleton (D:7)
  8 adders
  2 shadow imps
  2 oozes
  An adder skeleton (D:4)
  A worm (D:4)
  3 leopard geckos
  59 orcs
  7 goblins
  A hobgoblin (D:1)
  3 jackals (D:5)
  10 kobolds
  A jackal skeleton (D:4)
  A leopard gecko zombie (D:5)
  4 rats
581 creatures vanquished.

Vanquished Creatures (others)
  A deep elf annihilator (Vaults:5)
  A deep troll earth mage (Depths:1)
  A deep elf knight (Elf:3)
  2 deep elf magi
  A spiny frog (Swamp:2)
  A tengu conjurer (Depths:4)
  A jumping spider (Spider:4)
  A water elemental (D:14)
  A swamp worm (Swamp:4)
  2 ogres
  A human skeleton (Vaults:3)
  A worker ant (D:12)
  An orc (Orc:1)
  6 fungi
  11 plants
  4 withered plants (Swamp:3)
36 creatures vanquished.

Grand Total: 2204 creatures vanquished

Notes
Turn   | Place    | Note
-------+----------+-------------------------------------------
     0 | D:1      | vurker the Gnoll Summoner began the quest for the Orb.
     0 | D:1      | Reached XP level 1. HP: 13/13 MP: 6/6
   218 | D:1      | Reached XP level 2. HP: 19/19 MP: 7/7
   374 | D:1      | Learned a level 2 spell: Call Imp
  1139 | D:1      | Reached XP level 3. HP: 25/25 MP: 7/9
  1421 | D:1      | Reached skill level 5 in Spellcasting
  1661 | D:2      | Found a shadowy altar of Dithmenos.
  1878 | D:2      | Learned a level 3 spell: Call Canine Familiar
  1921 | D:2      | Reached skill level 1 in Invocations
  2007 | D:2      | Noticed Jessica
  2022 | D:2      | Killed Jessica
  2022 | D:2      | Reached skill level 1 in Fighting
  2022 | D:2      | Reached skill level 1 in Short Blades
  2022 | D:2      | Reached skill level 1 in Long Blades
  2022 | D:2      | Reached skill level 1 in Axes
  2022 | D:2      | Reached skill level 1 in Maces & Flails
  2022 | D:2      | Reached skill level 1 in Polearms
  2022 | D:2      | Reached skill level 1 in Staves
  2022 | D:2      | Reached skill level 1 in Slings
  2022 | D:2      | Reached skill level 1 in Bows
  2022 | D:2      | Reached skill level 1 in Crossbows
  2022 | D:2      | Reached skill level 1 in Throwing
  2022 | D:2      | Reached skill level 1 in Armour
  2022 | D:2      | Reached skill level 1 in Shields
  2022 | D:2      | Reached skill level 1 in Unarmed Combat
  2022 | D:2      | Reached skill level 1 in Evocations
  2022 | D:2      | Reached XP level 4. HP: 32/32 MP: 7/11
  2584 | D:2      | Found a sparkling altar of Nemelex Xobeh.
  3010 | D:3      | Reached skill level 1 in Conjurations
  3010 | D:3      | Reached skill level 1 in Hexes
  3010 | D:3      | Reached skill level 1 in Charms
  3010 | D:3      | Reached skill level 1 in Necromancy
  3010 | D:3      | Reached skill level 1 in Translocations
  3010 | D:3      | Reached skill level 1 in Transmutations
  3010 | D:3      | Reached skill level 1 in Fire Magic
  3010 | D:3      | Reached skill level 1 in Ice Magic
  3010 | D:3      | Reached skill level 1 in Air Magic
  3010 | D:3      | Reached skill level 1 in Earth Magic
  3010 | D:3      | Reached skill level 1 in Poison Magic
  3087 | D:3      | Learned a level 4 spell: Summon Ice Beast
  3182 | D:3      | Reached XP level 5. HP: 29/37 MP: 9/12
  3996 | D:4      | Reached XP level 6. HP: 35/44 MP: 6/13
  4000 | D:4      | You fall into a shaft and drop 2 floors!
  4072 | D:6      | Learned a level 4 spell: Summon Lightning Spire
  4108 | D:6      | Found a stormy altar of Qazlal.
  4110 | D:6      | Found a hazy altar of Hepliaklqana.
  4114 | D:6      | Found an opulent altar of Gozag.
  4141 | D:6      | Reached skill level 5 in Dodging
  4465 | D:6      | Found a deep blue altar of Sif Muna.
  4498 | D:5      | Entered Level 5 of the Dungeon
  4618 | D:5      | Found Durymuod's General Store.
  4743 | D:4      | Reached XP level 7. HP: 50/50 MP: 7/15
  5271 | D:5      | Found an ancient bone altar of Kikubaaqudgha.
  5799 | D:5      | Reached skill level 5 in Stealth
  6255 | D:6      | Found a staircase to the Ecumenical Temple.
  6264 | Temple   | Entered the Ecumenical Temple
  6286 | Temple   | Became a worshipper of Cheibriados the Contemplative
  6443 | D:6      | Reached XP level 8. HP: 45/57 MP: 11/16
  6710 | D:6      | Reached * piety under Cheibriados
  6903 | D:6      | Found a shattered altar of Ashenzari.
  7531 | D:7      | Found Wiyps's Magic Scroll Shoppe.
  7803 | D:7      | Noticed a hippogriff
  7833 | D:7      | Killed a hippogriff
  7851 | D:7      | Found a blossoming altar of Fedhas.
  8199 | D:8      | Found Quexano's Assorted Antiques.
  8209 | D:8      | Reached ** piety under Cheibriados
  8213 | D:8      | Reached XP level 9. HP: 52/65 MP: 7/18
  8380 | D:8      | Noticed Prince Ribbit
  8384 | D:8      | Killed Prince Ribbit
  8535 | D:8      | Found an ancient bone altar of Kikubaaqudgha.
  8537 | D:8      | Found a deep blue altar of Sif Muna.
  8537 | D:8      | Found a hide-covered altar of Uskayaw.
  8539 | D:8      | Found a radiant altar of Vehumet.
  8539 | D:8      | Found a shimmering altar of Xom.
  8539 | D:8      | Found a hide-covered altar of Uskayaw.
  8675 | D:8      | Found Jogomal's Jewellery Emporium.
  8913 | D:8      | Found Qoaneat's Jewellery Shop.
  9063 | D:8      | Found Utwun's Armour Shop.
  9080 | D:8      | Found Uvo Yve's Food Shop.
  9120 | D:8      | Reached *** piety under Cheibriados
  9369 | D:9      | Noticed a komodo dragon
  9377 | D:9      | Killed a komodo dragon
  9887 | D:9      | Found a sacrificial altar of Ru.
 10115 | D:9      | Found a staircase to the Lair.
 10182 | D:9      | Reached skill level 5 in Invocations
 10309 | D:9      | Noticed Harold
 10311 | D:9      | Reached XP level 10. HP: 73/73 MP: 16/20
 10487 | D:9      | Noticed a two-headed ogre
 10489 | D:9      | Noticed Erolcha
 10493 | D:9      | Reached **** piety under Cheibriados
 10505 | D:9      | Killed a two-headed ogre
 10510 | D:9      | Killed Harold
 10510 | D:9      | Reached skill level 5 in Fighting
 10510 | D:9      | Reached skill level 5 in Short Blades
 10510 | D:9      | Reached skill level 5 in Long Blades
 10510 | D:9      | Reached skill level 5 in Axes
 10510 | D:9      | Reached skill level 5 in Maces & Flails
 10510 | D:9      | Reached skill level 5 in Polearms
 10510 | D:9      | Reached skill level 5 in Staves
 10510 | D:9      | Reached skill level 5 in Slings
 10510 | D:9      | Reached skill level 5 in Bows
 10510 | D:9      | Reached skill level 5 in Crossbows
 10510 | D:9      | Reached skill level 5 in Throwing
 10510 | D:9      | Reached skill level 5 in Armour
 10510 | D:9      | Reached skill level 5 in Shields
 10510 | D:9      | Reached skill level 5 in Unarmed Combat
 10510 | D:9      | Reached skill level 5 in Evocations
 10572 | D:9      | Killed Erolcha
 11122 | D:9      | Found a sacrificial altar of Ru.
 11282 | D:9      | Found a staircase to the Lair.
 11457 | D:9      | Identified a scroll of acquirement
 11470 | D:10     | Entered Level 10 of the Dungeon
 12070 | D:10     | Found a portal to a secret trove of treasure.
 12392 | D:10     | Killed an unseen horror
 12504 | D:10     | Identified the Incunabulum of Unholy Stones
 12826 | D:10     | Noticed a skeletal warrior
 12826 | D:10     | Noticed a skeletal warrior
 12830 | D:10     | Noticed a skeletal warrior
 12835 | D:10     | Noticed a skeletal warrior
 12846 | D:10     | Killed a skeletal warrior
 12850 | D:10     | Killed a skeletal warrior
 12850 | D:10     | Reached XP level 11. HP: 24/81 MP: 9/22
 13155 | D:10     | Killed a skeletal warrior
 13261 | D:10     | Killed a skeletal warrior
 13512 | D:11     | Noticed an orc knight
 13518 | D:11     | Killed an orc knight
 13575 | D:11     | Noticed a deep elf knight
 13586 | D:11     | Noticed Erica
 13587 | D:11     | Noticed an orc knight
 13605 | D:10     | Killed Erica
 13655 | D:11     | Killed a deep elf knight
 13655 | D:11     | Reached skill level 5 in Conjurations
 13655 | D:11     | Reached skill level 5 in Hexes
 13655 | D:11     | Reached skill level 5 in Charms
 13655 | D:11     | Reached skill level 5 in Necromancy
 13655 | D:11     | Reached skill level 5 in Translocations
 13655 | D:11     | Reached skill level 5 in Transmutations
 13655 | D:11     | Reached skill level 5 in Fire Magic
 13655 | D:11     | Reached skill level 5 in Ice Magic
 13655 | D:11     | Reached skill level 5 in Air Magic
 13655 | D:11     | Reached skill level 5 in Earth Magic
 13655 | D:11     | Reached skill level 5 in Poison Magic
 13693 | D:11     | Killed an orc knight
 13761 | D:11     | Noticed a +5 demon blade
 13807 | D:11     | Noticed Snorg
 13815 | D:11     | Killed Snorg
 13815 | D:11     | Reached ***** piety under Cheibriados
 14232 | D:11     | Noticed Nergalle
 14245 | D:11     | Killed Nergalle
 14573 | D:11     | Found a staircase to the Orcish Mines.
 14890 | D:8      | Bought a +1 pair of gloves of dexterity for 231 gold pieces
 14890 | D:8      | Bought a +1 ring mail of poison resistance for 182 gold
                  | pieces
 14954 | Lair:1   | Entered Level 1 of the Lair of Beasts
 15247 | Lair:1   | Reached XP level 12. HP: 89/89 MP: 24/24
 16164 | Lair:2   | Reached ****** piety under Cheibriados
 16500 | Lair:2   | Learned a level 4 spell: Sticky Flame
 16506 | Lair:2   | Learned a level 5 spell: Fireball
 16580 | Lair:2   | Got a steaming broad axe
 16581 | Lair:2   | Identified the +6 broad axe of Titeomu {chop, Int+3} (You
                  | found it on level 2 of the Lair of Beasts)
 17320 | Lair:3   | Noticed Urug
 17328 | Lair:3   | Killed Urug
 17908 | Lair:4   | Noticed a death yak
 17911 | Lair:4   | Noticed a death yak
 17911 | Lair:4   | Noticed a death yak
 17913 | Lair:4   | Noticed a death yak
 17921 | Lair:4   | Killed a death yak
 17926 | Lair:4   | Killed a death yak
 17926 | Lair:4   | Killed a death yak
 17929 | Lair:4   | Killed a death yak
 17936 | Lair:4   | Noticed a five-headed hydra
 17943 | Lair:4   | Killed a one-headed hydra
 18223 | Lair:4   | Noticed a catoblepas
 18236 | Lair:4   | Killed a catoblepas
 18287 | Lair:4   | Found a hole to the Spider Nest.
 18319 | Lair:4   | Noticed Sonja
 18359 | Lair:4   | Killed Sonja
 18369 | Lair:4   | Got a twisted long sword
 18370 | Lair:4   | Identified the +9 long sword "Grim Tooth" {antimagic,
                  | *Drain rN+++ Int+5} (You found it on level 4 of the Lair of
                  | Beasts)
 18734 | Lair:4   | Found a staircase to the Swamp.
 18832 | Lair:4   | Reached XP level 13. HP: 98/98 MP: 26/26
 19367 | Lair:5   | Found a staircase to the Slime Pits.
 20221 | Lair:5   | Found a runed translucent door.
 20232 | Lair:5   | Noticed Baiput's ghost (journeyman GrFi)
 20232 | Lair:5   | Noticed a dire elephant
 20423 | Lair:6   | Entered Level 6 of the Lair of Beasts
 20717 | Lair:6   | Noticed a dire elephant
 20731 | Lair:6   | Killed a dire elephant
 20893 | Lair:6   | Reached skill level 10 in Summonings
 20945 | Lair:6   | Found a runed translucent door.
 21180 | Lair:6   | Found a burning altar of Makhleb.
 21342 | Lair:6   | Found a gateway to Hell.
 21668 | Lair:6   | Reached skill level 10 in Spellcasting
 21786 | Lair:6   | Reached XP level 14. HP: 106/106 MP: 28/28
 21998 | Lair:6   | Noticed nikopol's ghost (journeyman DEFE)
 22253 | D:12     | Found a frozen archway.
 22264 | D:12     | Noticed Josephine
 22278 | D:12     | Killed Josephine
 22294 | IceCv    | Entered an ice cave
 22708 | IceCv    | Got a smoking robe
 22710 | IceCv    | Got a twisted hunting sling
 22745 | IceCv    | Reached skill level 10 in Dodging
 23072 | IceCv    | Identified the cursed +2 hunting sling "Postoer" {freeze,
                  | Dex+4} (You found it in an ice cave)
 23088 | IceCv    | Identified the +2 robe of the Well-Known Beds {Int+3} (You
                  | found it in an ice cave)
 23188 | D:12     | Noticed Maurice
 23190 | D:12     | Paralysed by Maurice for 5 turns
 23199 | D:12     | Killed Maurice
 23532 | D:12     | Got a polished troll leather armour
 23543 | D:12     | Identified the +1 troll leather armour of the Twenty
                  | Emperors {rElec rF+ Regen+ MP+9} (You found it on level 12
                  | of the Dungeon)
 24132 | D:13     | Found Veariwon's General Store.
 24137 | D:13     | Noticed Azrael
 24178 | D:13     | Killed Azrael
 24186 | D:13     | Reached skill level 10 in Stealth
 24353 | D:13     | Found a gate to the Vaults.
 24545 | D:13     | Reached skill level 10 in Invocations
 24908 | D:13     | Found Motamom's Assorted Antiques.
 24911 | D:13     | Bought a scroll of teleportation for 78 gold pieces
 25671 | D:14     | Found an ancient bone altar of Kikubaaqudgha.
 25804 | D:14     | Found a large runed translucent door.
 25804 | D:14     | Found a large runed translucent door.
 26248 | D:15     | Entered Level 15 of the Dungeon
 26608 | D:15     | Found a radiant altar of Vehumet.
 26629 | D:15     | Reached XP level 15. HP: 114/114 MP: 29/29
 27399 | D:15     | Found a staircase to the Depths.
 27428 | D:15     | Identified the amulet "Ekicw" {+Rage rF+ rN+ Str+3}
 27747 | D:15     | Found a radiant altar of Vehumet.
 27780 | D:15     | Found a staircase to the Depths.
 28169 | D:7      | Bought a scroll of teleportation for 42 gold pieces
 28169 | D:7      | Bought a scroll of blinking for 105 gold pieces
 28169 | D:7      | Bought a scroll of identify for 28 gold pieces
 28169 | D:7      | Bought a scroll of brand weapon for 280 gold pieces
 28169 | D:7      | Bought a scroll of enchant armour for 105 gold pieces
 28169 | D:7      | Bought a scroll of identify for 28 gold pieces
 28329 | D:13     | Bought a scroll of brand weapon for 520 gold pieces
 28940 | Swamp:1  | Entered Level 1 of the Swamp
 29045 | Swamp:1  | Reached skill level 10 in Fighting
 29045 | Swamp:1  | Reached skill level 10 in Short Blades
 29045 | Swamp:1  | Reached skill level 10 in Long Blades
 29045 | Swamp:1  | Reached skill level 10 in Axes
 29045 | Swamp:1  | Reached skill level 10 in Maces & Flails
 29045 | Swamp:1  | Reached skill level 10 in Polearms
 29045 | Swamp:1  | Reached skill level 10 in Staves
 29045 | Swamp:1  | Reached skill level 10 in Slings
 29045 | Swamp:1  | Reached skill level 10 in Bows
 29045 | Swamp:1  | Reached skill level 10 in Crossbows
 29045 | Swamp:1  | Reached skill level 10 in Throwing
 29045 | Swamp:1  | Reached skill level 10 in Armour
 29045 | Swamp:1  | Reached skill level 10 in Shields
 29045 | Swamp:1  | Reached skill level 10 in Unarmed Combat
 29045 | Swamp:1  | Reached skill level 10 in Evocations
 29045 | Swamp:1  | Reached XP level 16. HP: 118/122 MP: 31/31
 31542 | Orc:1    | Entered Level 1 of the Orcish Mines
 31573 | Orc:1    | Noticed Jorgrun
 31608 | Orc:1    | Killed Jorgrun
 31911 | Orc:2    | Entered Level 2 of the Orcish Mines
 32035 | Orc:2    | Found Uwutigem's Jewellery Emporium.
 32035 | Orc:2    | Found a staircase to the Elven Halls.
 33231 | Orc:2    | Found Dekhuj's Book Boutique.
 33231 | Orc:2    | Found Luci's Distillery.
 33233 | Orc:2    | Found Poolabil's Antique Armour Emporium.
 33235 | Orc:2    | Found Tasos's Food Shop.
 33242 | Orc:2    | Bought a potion of curing for 48 gold pieces
 33242 | Orc:2    | Bought a potion of curing for 48 gold pieces
 33242 | Orc:2    | Bought a potion of curing for 48 gold pieces
 33242 | Orc:2    | Bought a potion of curing for 48 gold pieces
 33242 | Orc:2    | Bought a potion of mutation for 128 gold pieces
 33244 | Orc:2    | Bought a pair of smoking gloves for 285 gold pieces
 33254 | Orc:2    | Identified the +5 pair of gloves of the Beginning {+Blink}
                  | (You bought it in a shop on level 2 of the Orcish Mines)
 33382 | Orc:2    | Found a bloodstained altar of Trog.
 33769 | Swamp:2  | Upgraded the game from 0.24-a0-462-ge24419a6ad to
                  | 0.24-a0-463-g3510def36b
 34037 | Orc:2    | Bought a book of Spatial Translocations for 975 gold pieces
 34042 | Orc:2    | Learned a level 4 spell: Passage of Golubria
 34334 | Swamp:3  | Reached XP level 17. HP: 109/129 MP: 32/32
 34457 | Swamp:3  | Noticed Kirke
 34467 | Swamp:3  | Killed Kirke
 35915 | Swamp:3  | Got a sparkling tin ring
 35993 | Swamp:3  | Identified the ring "Qeag" {Fire SInv Stlth+} (You found it
                  | on level 3 of the Swamp)
 36020 | Swamp:4  | Entered Level 4 of the Swamp
 36912 | Swamp:4  | Got a decaying rune of Zot
 37555 | Spider:1 | Entered Level 1 of the Spider Nest
 39019 | Spider:2 | Noticed Arachne
 39029 | Spider:2 | Killed Arachne
 39029 | Spider:2 | Reached XP level 18. HP: 138/138 MP: 23/34
 39151 | Spider:2 | Got a transparent cloak
 39162 | Spider:2 | Identified the +0 cloak of Fun and Games {Dex+5} (You
                  | acquired it on level 2 of the Spider Nest)
 39515 | Spider:2 | Noticed Asterion
 39540 | Spider:2 | Gained mutation: You are dopey. (Int -2) [a cacodemon]
 39548 | Spider:2 | Killed Asterion
 40947 | Spider:4 | Entered Level 4 of the Spider Nest
 40972 | Spider:4 | Reached skill level 10 in Conjurations
 40972 | Spider:4 | Reached skill level 10 in Hexes
 40972 | Spider:4 | Reached skill level 10 in Charms
 40972 | Spider:4 | Reached skill level 10 in Necromancy
 40972 | Spider:4 | Reached skill level 10 in Translocations
 40972 | Spider:4 | Reached skill level 10 in Transmutations
 40972 | Spider:4 | Reached skill level 10 in Fire Magic
 40972 | Spider:4 | Reached skill level 10 in Ice Magic
 40972 | Spider:4 | Reached skill level 10 in Air Magic
 40972 | Spider:4 | Reached skill level 10 in Earth Magic
 40972 | Spider:4 | Reached skill level 10 in Poison Magic
 43247 | Spider:4 | Got a gossamer rune of Zot
 44112 | Vaults:1 | Entered Level 1 of the Vaults
 44123 | D:13     | Reached XP level 19. HP: 146/146 MP: 29/35
 44310 | Vaults:1 | Identified the +1 robe of Okawaru's Displeasure {rCorr
                  | Dex+3 Slay-3}
 44445 | Vaults:1 | Found a radiant altar of Vehumet.
 44491 | Vaults:1 | Got a heavily runed hat
 44502 | Vaults:1 | Identified the cursed +0 hat "Qelar" {Regen+} (You found it
                  | on level 1 of the Vaults)
 44876 | Vaults:1 | Got a dazzling rapier
 45773 | Vaults:1 | Identified the +7 rapier of Temperance {speed, +Inv rPois
                  | rF- rN++} (You found it on level 1 of the Vaults)
 46334 | Vaults:2 | Noticed Donald
 46346 | Vaults:2 | Killed Donald
 47936 | Vaults:2 | Found a staircase to the Crypt.
 49163 | Vaults:3 | You fall into a shaft and drop 1 floor!
 49425 | Vaults:4 | Reached XP level 20. HP: 155/155 MP: 28/37
 49614 | Vaults:4 | Got a slimy graven amulet
 50374 | Vaults:3 | Identified the +5 trident "Zasuen" {protect, MR- Str-2
                  | Dex+7 SInv}
 50456 | Vaults:3 | Found Ogunk's Food Shoppe.
 50807 | Vaults:4 | Identified the amulet "Getol" {Acrobat *Drain rN+ Str+3
                  | Int+7} (You found it on level 4 of the Vaults)
 50955 | Vaults:4 | Noticed Margery
 50959 | Vaults:4 | Identified the ring of Fonyz {MR++ Str+5 SInv}
 50983 | Vaults:4 | Killed Margery
 52166 | Vaults:4 | Noticed Boris
 52611 | Vaults:4 | Killed Boris
 52611 | Vaults:4 | Reached XP level 21. HP: 25/162 MP: 27/39
 53262 | Depths:1 | Entered Level 1 of the Depths
 53287 | Depths:1 | Found a one-way gate to the infinite horrors of the Abyss.
 53519 | Depths:1 | Noticed Nikola
 53604 | Depths:1 | Killed Nikola
 54188 | Depths:1 | Found Ekaag's Antique Armour Boutique.
 54210 | Depths:1 | Found Dikhlyboe's Book Shop.
 54210 | Depths:1 | Found Waplij's Food Boutique.
 54278 | Depths:1 | Found Eromedwi's Assorted Antiques.
 54306 | Depths:1 | Bought a scorched golden ring for 235 gold pieces
 54306 | Depths:1 | Bought a scroll of identify for 94 gold pieces
 54306 | Depths:1 | Bought a potion of curing for 141 gold pieces
 54306 | Depths:1 | Identified the ring of Pukhue {+Fly rPois} (You bought it
                  | in a shop on level 1 of the Depths)
 54494 | Orc:2    | Bought a book of Dreams for 1125 gold pieces
 54500 | Orc:2    | Learned a level 5 spell: Borgnjor's Vile Clutch
 54770 | Depths:1 | Found a basalt altar of Yredelemnul.
 54781 | Depths:1 | Noticed a profane servitor
 54790 | Depths:1 | Killed a profane servitor
 55434 | Depths:2 | Noticed a golden dragon
 55458 | Depths:2 | Killed a golden dragon
 56103 | Depths:2 | Noticed a juggernaut
 56477 | Depths:2 | Found a runed translucent door.
 56551 | Depths:2 | Noticed a golden dragon
 56942 | Depths:3 | Found a one-way gate leading to the halls of Pandemonium.
 56983 | Depths:3 | Noticed Boris
 57000 | Depths:3 | Killed Boris
 57000 | Depths:3 | Reached skill level 15 in Invocations
 57138 | Depths:3 | Reached XP level 22. HP: 171/171 MP: 40/40
 57363 | Depths:3 | Noticed Aizul
 57382 | Depths:3 | Killed Aizul
 57746 | Depths:3 | Got an encrusted falchion
 57747 | Depths:3 | Identified the +5 falchion "Juteil" {freeze, rC- Int+7
                  | Dex+4 Stlth+} (You found it on level 3 of the Depths)
 58579 | Depths:4 | Noticed a juggernaut
 58592 | Depths:4 | Killed a juggernaut
 59029 | Depths:4 | Noticed a golden dragon
 59047 | Depths:4 | Killed a golden dragon
 59581 | Depths:4 | Got an encrusted hand crossbow
 59582 | Depths:4 | Identified the +8 hand crossbow of Traps {elec, *Slow Int+4
                  | Dex+3} (You found it on level 4 of the Depths)
 59698 | Depths:4 | Reached skill level 15 in Spellcasting
 59700 | Depths:4 | Noticed a golden dragon
 59702 | Depths:4 | Noticed a caustic shrike
 59702 | Depths:4 | Noticed a caustic shrike
 59710 | Depths:4 | Killed a golden dragon
 59719 | Depths:4 | Killed a caustic shrike
 59721 | Depths:4 | Killed a caustic shrike
 59730 | Depths:4 | Noticed a golden dragon
 59743 | Depths:4 | Killed a golden dragon
 59743 | Depths:4 | Reached skill level 15 in Dodging
 59782 | Depths:4 | Noticed a caustic shrike
 59792 | Depths:4 | Killed a caustic shrike
 59841 | Depths:4 | Reached skill level 15 in Stealth
 59874 | Depths:4 | Reached XP level 23. HP: 171/179 MP: 33/42
 60017 | Depths:4 | Noticed a golden dragon
 60028 | Depths:4 | Noticed a golden dragon
 60035 | Depths:4 | Killed a golden dragon
 60061 | Depths:4 | Killed a golden dragon
 60096 | Depths:4 | Found Ahoenay's Magic Scroll Shoppe.
 60096 | Depths:4 | Found Tianatyl's General Store.
 60099 | Depths:4 | Found Mupp's Antique Weapon Boutique.
 60099 | Depths:4 | Found Ytielaw's Jewellery Shoppe.
 60137 | Depths:4 | Noticed a caustic shrike
 60158 | Depths:4 | Killed a caustic shrike
 60313 | Depths:4 | Paralysed by a floating eye for 2 turns
 60347 | Depths:4 | Identified the +0 robe of Mutapruc {rElec rPois Dex+4}
 61219 | Depths:5 | Entered Level 5 of the Depths
 61640 | Depths:5 | Gained mutation: Your spells are a little easier to cast,
                  | but a little less powerful. [the power of Zot]
 61796 | Depths:5 | Reached skill level 15 in Fighting
 61796 | Depths:5 | Reached skill level 15 in Short Blades
 61796 | Depths:5 | Reached skill level 15 in Long Blades
 61796 | Depths:5 | Reached skill level 15 in Axes
 61796 | Depths:5 | Reached skill level 15 in Maces & Flails
 61796 | Depths:5 | Reached skill level 15 in Polearms
 61796 | Depths:5 | Reached skill level 15 in Staves
 61796 | Depths:5 | Reached skill level 15 in Slings
 61796 | Depths:5 | Reached skill level 15 in Bows
 61796 | Depths:5 | Reached skill level 15 in Crossbows
 61796 | Depths:5 | Reached skill level 15 in Throwing
 61796 | Depths:5 | Reached skill level 15 in Armour
 61796 | Depths:5 | Reached skill level 15 in Shields
 61796 | Depths:5 | Reached skill level 15 in Unarmed Combat
 61796 | Depths:5 | Reached skill level 15 in Evocations
 62259 | Depths:5 | Found a gate to the Realm of Zot.
 62266 | Depths:5 | Reached XP level 24. HP: 188/188 MP: 38/42
 62692 | Depths:5 | Learned a level 6 spell: Iron Shot
 62895 | Elf:1    | Entered Level 1 of the Elven Halls
 62895 | Elf:1    | Found Veiq Bimm's General Store.
 62904 | Elf:1    | Bought a scroll of teleportation for 42 gold pieces
 62904 | Elf:1    | Bought a scroll of blinking for 105 gold pieces
 63064 | Elf:1    | Got a polished whip
 63291 | Elf:1    | Identified Vehumet's Catalogue of Confrontation
 63297 | Elf:1    | Got a scorched ring mail
 63579 | Elf:2    | Found a runed translucent gate.
 63579 | Elf:2    | Found a runed translucent gate.
 63579 | Elf:2    | Found a runed translucent gate.
 63863 | Elf:2    | Found a radiant altar of Vehumet.
 63908 | Elf:2    | Found Wasaracs's Jewellery Shoppe.
 63909 | Elf:2    | Found Wilel's Gadget Boutique.
 63909 | Elf:2    | Found Fymurr's Gadget Boutique.
 64073 | Elf:3    | Entered Level 3 of the Elven Halls
 65071 | Elf:3    | Identified the +9 lajatang "Banisher" {freeze, rC+ Dex+5}
 65192 | Elf:3    | Got a heavily runed lapis lazuli ring
 65193 | Elf:3    | Identified the ring "Miwup" {Slay+3 Stlth+} (You found it
                  | on level 3 of the Elven Halls)
 65199 | Elf:3    | Got an ancient chain mail
 65202 | Elf:3    | Identified Hedghixzo's Disquisition on Sinister Arts
 65208 | Elf:3    | Identified the +8 mace "Pifrearu" {venom, rC+}
 65586 | Elf:3    | Got a distressingly furry hat
 65597 | Elf:3    | Identified the +0 hat "Fecw" {rF++ MP+9 Str-4} (You
                  | acquired it on level 3 of the Elven Halls)
 65971 | Vaults:5 | Entered Level 5 of the Vaults
 66175 | Vaults:5 | Reached XP level 25. HP: 145/196 MP: 40/43
 66504 | Vaults:5 | Reached skill level 15 in Summonings
 66605 | Vaults:5 | Noticed Boris
 66616 | Vaults:5 | Killed Boris
 66745 | Vaults:5 | Identified the +3 plate armour "Opreiv" {Dex+3}
 66833 | Vaults:5 | Got a polished hunting sling
 66835 | Vaults:5 | Got a pair of distressingly furry boots
 66846 | Vaults:5 | Identified the +4 pair of boots of the Seven Dances {rN+
                  | Stlth+} (You found it on level 5 of the Vaults)
 66867 | Vaults:5 | Got a pair of pitted gloves
 66878 | Vaults:5 | Identified the +0 pair of gloves "Zuomagah" {Dex+4 Stlth+}
                  | (You found it on level 5 of the Vaults)
 66980 | Vaults:5 | Found Noivof's Antique Weapon Shoppe.
 67010 | Vaults:5 | Identified the +7 arbalest "Newt's Undoing" {speed, +Inv
                  | MR- Str+2}
 67065 | Vaults:5 | Got a brightly glowing ring mail
 67226 | Vaults:5 | Got a scorched ring mail
 67500 | Vaults:5 | Got a bloodstained hat
 67501 | Vaults:5 | Identified the +2 hat of Weightlessness {+Blink rElec rC+}
                  | (You found it on level 5 of the Vaults)
 67529 | Vaults:5 | Got a silver rune of Zot
 69075 | D:8      | Bought a potion of curing for 87 gold pieces
 69075 | D:8      | Bought a potion of might for 116 gold pieces
 69075 | D:8      | Bought a potion of might for 116 gold pieces
 69075 | D:8      | Bought a scroll of teleportation for 87 gold pieces
 69508 | Depths:4 | Bought a scroll of magic mapping for 59 gold pieces
 69732 | Elf:1    | Bought a scroll of magic mapping for 49 gold pieces
 70010 | Zot:1    | Entered Level 1 of the Realm of Zot
 70308 | Zot:1    | Noticed an orb of fire
 70313 | Zot:1    | Killed an orb of fire
 70952 | Vaults:5 | Learned a level 1 spell: Apportation
 70956 | Vaults:5 | Learned a level 3 spell: Regeneration
 70962 | Vaults:5 | Learned a level 5 spell: Summon Mana Viper
 70970 | Vaults:5 | Learned a level 7 spell: Spellforged Servitor
 71279 | Depths:1 | Bought a book of Enchantments for 750 gold pieces
 71286 | Depths:1 | Learned a level 6 spell: Deflect Missiles
 71731 | Zot:1    | Reached XP level 26. HP: 205/205 MP: 39/43
 72353 | D:5      | Bought a potion of mutation for 112 gold pieces
 72353 | D:5      | Bought a scroll of enchant armour for 105 gold pieces
 72871 | Zot:2    | Found a transporter.
 73158 | Zot:2    | Noticed Vimihy's ghost (legendary HaHu)
 73158 | Zot:2    | Noticed a shard shrike
 73158 | Zot:2    | Noticed a shard shrike
 73170 | Zot:2    | Found a transporter.
 73239 | Zot:2    | Got a warped chain mail
 73401 | Zot:2    | Killed a shard shrike
 73407 | Zot:2    | HP: 4/206 [caustic shrike (39)]
 73407 | Zot:2    | Splashed by a caustic shrike's acid

Levels and vault maps discovered:
D:1:      shiori_shiawase, layout_loops_corners
D:2:      layout_basic, nicolae_dithmenos_through_a_glass_darkly,
          nemelex_altar_shiori, first_ration, uniq_jessica
D:3:      layout_basic, wad_floor_pattern_1
D:4:      layout_rooms
D:5:      layout_cave_pods, basic_altar, serial_shops, shop
D:6:      layout_loops_cross, grunt_temple_overflow_open, basic_altar,
          nicolae_ashenzari_panopticon
D:7:      layout_rooms, fedhas_altar_1, serial_shops, nicolae_shop_stone,
          grunt_livestock
D:8:      layout_gridville, enter_bailey_6, serial_shops, nicolae_shop_trees,
          nicolae_shop_temple_entry_statues_fountains, kennysheep_mini,
          nicolae_shop_trees, shop, hangedman_abyss_or_decor_stagger,
          st_stairs_6, minmay_stone_trees_small, doesnt_xom_only_xom,
          uniq_prince_ribbit1
D:9:      lemuel_ogre_cave, layout_basic, nicolae_ru_path_of_blood, uniq_harold
D:10:     layout_stronghold, enter_trove_1
D:11:     layout_big_octagon, hiddenorc1_lemuel, sword_in_stone, uniq_nergalle,
          uniq_snorg
D:12:     layout_roguey, portal_ice_cave_entry_pillars_2, uniq_josephine,
          uniq_maurice
D:13:     layout_irregular_city, david_vaults_1, serial_shops, shop, shop,
          hangedman_abyss_or_decor_stabs, uniq_azrael
D:14:     layout_basic, basic_altar, kennysheep_nub, lightli_elemental_guards
D:15:     hangedman_depths_entry_civil_slaughter, layout_basic,
          lemuel_doored_altar, hangedman_abyss_or_decor_slice,
          fake_guardian_serpent_vault
Temple:   regret_index_temple_waves
Lair:1:   layout_loops_ring, lemuel_fruit_tree
Lair:2:   layout_hall_layers, infiniplex_staircase_pool
Lair:3:   layout_regular_city, serial_bayou_ford_a, st_stairs_13, uniq_urug
Lair:4:   layout_regular_city, minmay_swamp_entry_eels,
          spider_nest_entry_rubble, st_stairs_4, uniq_sonja
Lair:5:   layout_hall_layers, minmay_slime_entry_jelly_boxes,
          ebering_ghost_inner_flame, mumra_transporter_accident,
          grunt_megastairs_3, serial_bayou_shore_b, serial_bayou_shore_b
Lair:6:   evil_forest, layout_regular_city, ebering_ghost_reflecting_pool
Swamp:1:  layout_basic_swamp, nicolae_swamp_dense_foliage, swamp_pool2,
          hangedman_swamp_wriggling
Swamp:2:  layout_basic_swamp, evilmike_swamp_ruin_house_2
Swamp:3:  cheibrodos_swamp_mausoleum, layout_falls_marsh, serial_swamp_ruin,
          hangedman_swamp_ruin_wall, evilmike_swamp_ruin_house_3,
          evilmike_swamp_ruin_house_1, uniq_kirke
Swamp:4:  swamp, layout_basic_swamp
Spider:1: spider_temple_joshua
Spider:2: layout_spider_delve, uniq_arachne, uniq_asterion
Spider:3: layout_spider_delve
Spider:4: johnstein_spider_rune_arachne_lair, spiders_nest_ghost_moth_duel
Orc:1:    layout_caves, uniq_jorgrun
Orc:2:    st_orc_rangers, layout_caves, gauntlet_entry_generic, basic_altar,
          minmay_shop_enchanted_jewellery
Elf:1:    layout_geoelf_octagon, serial_shops, shop_coins,
          minmay_elf_annihilation
Elf:2:    layout_geoelf_diagonals, basic_altar, minivault_23,
          patterned_corridor, minmay_shop_grove, uniq_saint_roka
Elf:3:    elf_hall, layout_geoelf_castle
Vaults:1: vaults_room_pool, vaults_standard_mumra_x, grunt_vaults_funnel,
          v_misc_24, vaults_room_corners, grunt_tower_of_power, v_misc_19,
          hangedman_vaults_slice, vaults_mumra_hex, hangedman_vaults_corner,
          nicolae_vaults_little_squares_2, vaults_room_hallway,
          vaults_room_fancy_cross, nicolae_vaults_theta, layout_vaults_omnibox
Vaults:2: minmay_crypt_entry_nasty_monster, ontoclasm_vaults_ring_large,
          nicolae_vaults_hallways_thing, v_misc_29, vaults_room_door_ring,
          hangedman_vaults_stitches, nicolae_vaults_little_squares_4,
          layout_vaults_quadrants, uniq_donald
Vaults:3: hangedman_vaults_slice, ontoclasm_vaults_hangar, vaults_room_boxed,
          ontoclasm_vaults_ring_square, v_alt_pattern_2, v_misc_13,
          v_alt_pattern_2, nicolae_vaults_little_squares_3,
          nicolae_vaults_asterisk, dpeg_vaults_monster_row,
          ontoclasm_vaults_loading_screen, layout_vaults_omnicross,
          serial_shops, shop
Vaults:4: nicolae_vaults_windows_and_doors_thing, nicolae_vaults_gold_heap,
          v_misc_28, nicolae_vaults_network_barrier, v_misc_12,
          ontoclasm_vaults_misaligned, v_misc_28,
          ontoclasm_vaults_decontamination, nicolae_vaults_shelves_hall,
          layout_vaults_big_room, uniq_boris, uniq_margery
Vaults:5
Depths:1: layout_cave_shapes, hell_entry, minmay_misc_feat_secret_circle,
          abyss_entry, corner_web_ring, chequers_serial_rivers_marsh,
          minmay_misc_feat_columns, hangedman_blasphemy, minmay_shoptagon,
          uniq_nikola
Depths:2: box_level_dp, hell_entry, abyss_entry
Depths:3: kennysheep_bubble_arena, layout_gridlike, hell_entry,
          hangedman_abyss_or_decor_lesser_grid, pan_entry, abyss_entry,
          minivault_1, serial_bayou_shore_b, minmay_staircase_bubble, uniq_aizul
Depths:4: hangedman_box_tower, layout_gridlike, minmay_misc_feat_pillars,
          hangedman_geh_valley, abyss_entry, mu_enter_wizlab_1,
          roderic_serpentine_path
Depths:5: grunt_bruiser_brothers, layout_gridlike, dk_noncrumbling_3,
          rand_demon_pan_entry_5, hell_entry, grunt_decor_cap,
          dk_noncrumbling_2, chequers_serial_rivers_marsh
Zot:1:    layout_gridlike
Zot:2:    layout_misc_corridors, gammafunk_ghost_berserking_beasts,
          skrybe_zot_glass_2

Skill      XL: |  1  2  3  4  5  6  7  8  9 10 11 12 13 14 15 16 17 18 19 20 21 22 23 24 25 26 |
---------------+-------------------------------------------------------------------------------+-----
Spellcasting   | 5 6 7 8 9 10 11 12 13 14 15 16 17 | 17.0
Invocations    | 1 2 3 4 5 6 7 8 9 10 11 12 13 14 15 16 17 | 17.7
Fighting       | 1 2 3 4 5 6 7 8 9 10 11 12 13 14 15 16 | 16.4
Short Blades   | 1 2 3 4 5 6 7 8 9 10 11 12 13 14 15 16 | 16.4
Long Blades    | 1 2 3 4 5 6 7 8 9 10 11 12 13 14 15 16 | 16.4
Axes           | 1 2 3 4 5 6 7 8 9 10 11 12 13 14 15 16 | 16.4
Maces & Flails | 1 2 3 4 5 6 7 8 9 10 11 12 13 14 15 16 | 16.4
Polearms       | 1 2 3 4 5 6 7 8 9 10 11 12 13 14 15 16 | 16.4
Staves         | 1 2 3 4 5 6 7 8 9 10 11 12 13 14 15 16 | 16.4
Slings         | 1 2 3 4 5 6 7 8 9 10 11 12 13 14 15 16 | 16.4
Bows           | 1 2 3 4 5 6 7 8 9 10 11 12 13 14 15 16 | 16.4
Crossbows      | 1 2 3 4 5 6 7 8 9 10 11 12 13 14 15 16 | 16.4
Throwing       | 1 2 3 4 5 6 7 8 9 10 11 12 13 14 15 16 | 16.4
Armour         | 1 2 3 4 5 6 7 8 9 10 11 12 13 14 15 16 | 16.4
Shields        | 1 2 3 4 5 6 7 8 9 10 11 12 13 14 15 16 | 16.4
Unarmed Combat | 1 2 3 4 5 6 7 8 9 10 11 12 13 14 15 16 | 16.4
Evocations     | 1 2 3 4 5 6 7 8 9 10 11 12 13 14 15 16 | 16.4
Conjurations   | 1 2 3 4 5 6 7 8 9 10 11 12 13 14 | 14.1
Hexes          | 1 2 3 4 5 6 7 8 9 10 11 12 13 14 | 14.1
Charms         | 1 2 3 4 5 6 7 8 9 10 11 12 13 14 | 14.1
Necromancy     | 1 2 3 4 5 6 7 8 9 10 11 12 13 14 | 14.1
Translocations | 1 2 3 4 5 6 7 8 9 10 11 12 13 14 | 14.1
Transmutations | 1 2 3 4 5 6 7 8 9 10 11 12 13 14 | 14.1
Fire Magic     | 1 2 3 4 5 6 7 8 9 10 11 12 13 14 | 14.1
Ice Magic      | 1 2 3 4 5 6 7 8 9 10 11 12 13 14 | 14.1
Air Magic      | 1 2 3 4 5 6 7 8 9 10 11 12 13 14 | 14.1
Earth Magic    | 1 2 3 4 5 6 7 8 9 10 11 12 13 14 | 14.1
Poison Magic   | 1 2 3 4 5 6 7 8 9 10 11 12 13 14 | 14.1
Dodging        | 5 6 7 8 9 10 11 12 13 14 15 16 | 16.9
Stealth        | 5 6 7 8 9 10 11 12 13 14 15 16 | 16.8
Summonings     | 8 9 10 11 12 13 14 15 | 15.4

Action                   |  1- 3 |  4- 6 |  7- 9 | 10-12 | 13-15 | 16-18 | 19-21 | 22-24 | 25-27 || total
-------------------------+-------+-------+-------+-------+-------+-------+-------+-------+-------++-------
Melee: Unarmed           |    10 |       |       |       |       |       |       |       |       ||    10
       Dagger            |    97 |   127 |   366 |   120 |       |       |       |       |       ||   710
       Bite              |    13 |    11 |    62 |    62 |   133 |   256 |   295 |   363 |   165 ||  1360
       Punch             |       |     2 |     5 |     7 |       |       |       |       |       ||    14
       Scimitar          |       |       |       |    92 |    35 |   132 |       |       |       ||   259
       Broad axe         |       |       |       |    63 |   222 |   762 |  1234 |  1395 |   562 ||  4238
       Staff             |       |       |       |       |   266 |   246 |    42 |       |       ||   554
 Cast: Summon Small Mamm |    19 |       |       |       |       |       |       |       |       ||    19
       Call Imp          |     5 |    19 |     8 |     4 |       |       |       |       |       ||    36
       Call Canine Famil |       |     3 |     2 |     3 |     6 |    12 |     1 |       |       ||    27
       Summon Lightning  |       |    10 |    45 |    65 |    49 |    92 |    44 |     6 |       ||   311
       Summon Ice Beast  |       |       |     7 |    37 |    30 |    64 |    21 |       |       ||   159
       Fireball          |       |       |       |     2 |    78 |    95 |    74 |     5 |       ||   254
       Sticky Flame      |       |       |       |       |     3 |    12 |       |       |       ||    15
       Passage of Golubr |       |       |       |       |       |     4 |     4 |       |       ||     8
       Borgnjor's Vile C |       |       |       |       |       |       |    15 |    56 |    15 ||    86
       Iron Shot         |       |       |       |       |       |       |       |       |     9 ||     9
       Deflect Missiles  |       |       |       |       |       |       |       |       |     4 ||     4
       Summon Mana Viper |       |       |       |       |       |       |       |       |     2 ||     2
       Regeneration      |       |       |       |       |       |       |       |       |     1 ||     1
Invok: Slouch            |       |       |       |     2 |       |     2 |     1 |     2 |       ||     7
Evoke: Wand              |       |       |       |     4 |     8 |     8 |    11 |       |       ||    31
  Use: Scroll            |       |       |    12 |    11 |    27 |    12 |    10 |    12 |    10 ||    94
       Potion            |       |       |       |     1 |     2 |    19 |     7 |       |     2 ||    31
 Stab: Sleeping          |     5 |     4 |     9 |     8 |    18 |     9 |     8 |       |       ||    61
       Distracted        |       |     2 |     2 |     9 |    10 |    37 |    31 |     6 |     1 ||    98
       Invisible         |       |       |       |       |       |     2 |       |       |       ||     2
       Paralysed         |       |       |       |       |       |       |     1 |       |       ||     1
  Eat: Chunk             |     3 |     4 |    11 |     4 |    10 |     6 |     8 |    10 |     3 ||    59
       Ration            |       |     2 |     2 |     3 |     3 |     6 |     4 |     3 |     3 ||    26
Armor: Robe              |    37 |    16 |    47 |    25 |       |       |       |       |       ||   125
       Ring mail         |       |       |       |    22 |    32 |       |       |       |       ||    54
       Troll leather arm |       |       |       |       |    39 |    95 |       |       |       ||   134
       Plate armour      |       |       |       |       |       |   496 |   295 |    53 |       ||   844
       Skin              |       |       |       |       |       |       |    13 |       |       ||    13
       Gold dragon scale |       |       |       |       |       |       |       |   507 |   243 ||   750
Dodge: Dodged            |    80 |   100 |   318 |   361 |   614 |  1636 |   957 |   903 |   327 ||  5296
       Deflected         |       |       |       |       |       |       |       |       |     5 ||     5
Block: Buckler           |       |       |       |    56 |   257 |       |       |       |       ||   313
       Shield            |       |       |       |       |    30 |  1386 |  1079 |  1183 |   488 ||  4166
       Rpst.: Scimitar   |       |       |       |    24 |    10 |    26 |       |       |       ||    60

Table legend:
 A = Non-vault XP
 B = Vault XP
 C = Vault XP percentage of total XP
 D = Non-vault monster count
 E = Vault monster count
 F = Vault count percentage of total count
                 A         B        C        D         E       F
            +---------+---------+-------+---------+---------+-------
      Total |  549033 |  558354 |  50.4 |    1429 |     741 |  34.1
            +---------+---------+-------+---------+---------+-------
        D:1 |      43 |       0 |   0.0 |      27 |       0 |   0.0
        D:2 |      61 |      19 |  23.8 |      22 |       1 |   4.3
        D:3 |     115 |       0 |   0.0 |      19 |       0 |   0.0
        D:4 |     241 |       0 |   0.0 |      22 |       0 |   0.0
        D:5 |     358 |       0 |   0.0 |      24 |       0 |   0.0
        D:6 |     644 |       0 |   0.0 |      37 |       0 |   0.0
        D:7 |     303 |     515 |  63.0 |       9 |       5 |  35.7
        D:8 |     969 |     132 |  12.0 |      29 |       1 |   3.3
        D:9 |     779 |    2854 |  78.6 |      14 |      20 |  58.8
       D:10 |    3150 |     470 |  13.0 |      28 |       1 |   3.4
       D:11 |    3810 |    2424 |  38.9 |      44 |      22 |  33.3
       D:12 |    3150 |    2288 |  42.1 |      20 |       7 |  25.9
       D:13 |    7048 |    5724 |  44.8 |      34 |      16 |  32.0
       D:14 |    8807 |       0 |   0.0 |      27 |       0 |   0.0
       D:15 |   12713 |    3843 |  23.2 |      40 |       7 |  14.9
     Lair:1 |    2438 |       0 |   0.0 |      17 |       0 |   0.0
     Lair:2 |    2411 |       0 |   0.0 |      20 |       0 |   0.0
     Lair:3 |    1598 |     685 |  30.0 |      12 |       2 |  14.3
     Lair:4 |    7043 |    1431 |  16.9 |      26 |       5 |  16.1
     Lair:5 |    8320 |     914 |   9.9 |      31 |      16 |  34.0
     Lair:6 |    6441 |    6995 |  52.1 |      30 |      26 |  46.4
    Swamp:1 |   12128 |    1574 |  11.5 |      35 |       7 |  16.7
    Swamp:2 |    7936 |       0 |   0.0 |      29 |       0 |   0.0
    Swamp:3 |   12195 |   11646 |  48.8 |      29 |      43 |  59.7
    Swamp:4 |    4865 |   10956 |  69.2 |      15 |      21 |  58.3
   Spider:1 |    8921 |   10629 |  54.4 |      28 |      28 |  50.0
   Spider:2 |   10312 |    4422 |  30.0 |      42 |       2 |   4.5
   Spider:3 |   19983 |       0 |   0.0 |      57 |       0 |   0.0
   Spider:4 |   13976 |   27862 |  66.6 |      54 |      60 |  52.6
      Orc:1 |    1407 |    2986 |  68.0 |      28 |       1 |   3.4
      Orc:2 |    6494 |    5006 |  43.5 |      63 |      36 |  36.4
      Elf:1 |    5270 |    5708 |  52.0 |      10 |       8 |  44.4
      Elf:2 |    9393 |    2685 |  22.2 |      19 |       3 |  13.6
      Elf:3 |   19273 |   42995 |  69.0 |      32 |      31 |  49.2
   Vaults:1 |   20584 |   18073 |  46.8 |      57 |      28 |  32.9
   Vaults:2 |   12394 |    9615 |  43.7 |      31 |      14 |  31.1
   Vaults:3 |   22110 |   19009 |  46.2 |      48 |      35 |  42.2
   Vaults:4 |   47082 |   52115 |  52.5 |      82 |      59 |  41.8
   Vaults:5 |   18533 |  116809 |  86.3 |      17 |      76 |  81.7
   Depths:1 |   24287 |   12873 |  34.6 |      32 |      11 |  25.6
   Depths:2 |   23985 |   23044 |  49.0 |      33 |      39 |  54.2
   Depths:3 |   33302 |   10567 |  24.1 |      36 |       8 |  18.2
   Depths:4 |   42617 |  106517 |  71.4 |      42 |      62 |  59.6
   Depths:5 |   42472 |   22226 |  34.4 |      50 |      19 |  27.5
      Zot:1 |   35031 |       0 |   0.0 |      16 |       0 |   0.0
      Zot:2 |   24041 |    9478 |  28.3 |      12 |       3 |  20.0
      IceCv |       0 |    3265 | 100.0 |       0 |      18 | 100.0
            +---------+---------+-------+---------+---------+-------
